 Dungeon Crawl Stone Soup version 0.26.0-16-gc1dbca0489 (webtiles) character file.

Game seed: 7420234633182776570

9232 ragingrage the Basher (level 11, -4/71 HPs)
             Began as a Gargoyle Delver on Jan 20, 2021.
             Was a High Priest of Okawaru.
             Slain by a two-headed ogre
             ... wielding a +0 giant club
              (24 damage)
             ... on level 13 of the Dungeon.
             The game lasted 00:17:41 (9689 turns).

ragingrage the Basher (Gargoyle Delver)             Turns: 9689, Time: 00:17:41

Health: -4/71      AC: 20    Str: 17    XL:     11   Next: 43%
Magic:  11/11      EV: 10    Int: 11    God:    Okawaru [*****.]
Gold:   455        SH:  0    Dex: 13    Spells: 10/10 levels left

rFire    + . .     SeeInvis .   z - +1 hand axe (elec)
rCold    . . .     Faith    .   (no shield)
rNeg     + . .     Spirit   .   H - +0 scale mail {rF+}
rPois    ∞         Reflect  .   (no helmet)
rElec    +         Harm     .   B - +2 cloak
rCorr    .         Rampage  .   (no gloves)
Will     +....                  G - +2 pair of boots
Stlth    +++.......             n - amulet of regeneration
HPRegen  0.61/turn              k - ring of stealth
MPRegen  0.12/turn              q - ring of willpower

@: no status effects
A: negative energy resistance 1, electricity resistance, unbreathing,
petrification resistance, miasma immunity, AC +8
a: Renounce Religion, Heroism, Finesse


You were on level 13 of the Dungeon.
You worshipped Okawaru.
Okawaru was extremely pleased with you.
You visited 1 branch of the dungeon, and saw 12 of its levels.
You also visited: Bailey.

You collected 920 gold pieces.
You spent 465 gold pieces at shops.

Inventory:

Hand Weapons
 r - a +0 broad axe
 z - a +1 hand axe of electrocution (weapon)
 C - a +3 morningstar
Missiles
 h - 77 poisoned darts (quivered)
Armour
 i - a +1 chain mail
 B - a +2 cloak (worn)
 G - a +2 pair of boots (worn)
 H - a +0 scale mail of fire resistance (worn)
Jewellery
 a - an uncursed ring of ice
 k - a ring of stealth (left hand)
 n - an amulet of regeneration (around neck)
 q - a ring of willpower (right hand)
 A - an uncursed ring of wizardry
Wands
 g - a wand of digging (3)
Scrolls
 c - 3 scrolls of fog
 d - 3 scrolls of magic mapping
 e - 2 scrolls of fear
 m - 6 scrolls of remove curse
 o - 4 scrolls of blinking
 p - 3 scrolls of enchant weapon
 x - a scroll of enchant armour
 y - 10 scrolls of teleportation
 E - a scroll of summoning
 I - 2 scrolls of identify
Potions
 b - 3 potions of might {unknown}
 f - 2 potions of haste
 j - 5 potions of flight
 l - a potion of heal wounds {unknown}
 s - 2 potions of magic
 t - 2 potions of attraction {unknown}
 u - 5 potions of brilliance
 v - 2 potions of ambrosia {unknown}
 w - 4 potions of curing
 D - a potion of lignification {unknown}
 F - a potion of cancellation {unknown}


   Skills:
 + Level 9.4 Fighting
 * Level 14.9 Maces & Flails
 - Level 1.5 Dodging
 - Level 5.4 Stealth


You had 10 spell levels left.
You didn't know any spells.
Your spell library contained the following spells:

 Spells                   Type           Power        Failure   Level
 Apportation              Tloc           0%           78%         1
 Corona                   Hex            0%           78%         1
 Slow                     Hex            0%           89%         2
 Confusing Touch          Hex            0%           98%         3
 Gell's Gravitas          Tloc           0%           98%         3
 Inner Flame              Hex/Fire       0%           98%         3
 Portal Projectile        Hex/Tloc       0%           98%         3
 Teleport Other           Tloc           0%           98%         3
 Cause Fear               Hex            0%           100%        4
 Leda's Liquefaction      Hex/Erth       0%           100%        4
 Petrify                  Tmut/Erth      0%           100%        4
 Metabolic Englaciation   Hex/Ice        0%           100%        5
 Yara's Violent Unravell  Hex/Tmut       0%           100%        5
 Malign Gateway           Summ/Tloc      0%           100%        7
 Disjunction              Tloc           0%           100%        8


Dungeon Overview and Level Annotations

Branches:
Dungeon (13/15)            Temple (0/1) D:7          Bailey (visited)
   Lair: D:8-11         Orc: D:9-12      Vaults: D:13-14

Altars:
Ashenzari
Cheibriados
Dithmenos
Fedhas
Nemelex Xobeh
Okawaru
Ru
Sif Muna
Vehumet
Xom

Shops:
D:5 ?   D:7 [   D:8 [   D:9 *


Innate Abilities, Weirdness & Mutations

You are resistant to torment.
Your stone body is resilient. (AC +8)
You are immune to poison.
You resist negative energy. (rN+)
You are resistant to electric shocks. (rElec)
You can survive without breathing.
You are immune to petrification.
You are immune to miasma.


Message History

The two-headed ogre is heavily wounded.
The two-headed ogre hits you with a +0 giant club!
* * * LOW HITPOINT WARNING * * *
The two-headed ogre hits you with a +0 giant club.
* * * LOW HITPOINT WARNING * * *
You slash the two-headed ogre!
The two-headed ogre is heavily wounded.
There is an open door here.
You see here a large rock.
Okay, then.
There is an open door here.
Things that are here:
a vampire mosquito corpse; a vampire mosquito corpse Evoke which item? (* to show all) (? for menu, Esc to quit)
Okay, then.
There is an open door here.
The two-headed ogre closely misses you. x2
You open the door.
The two-headed ogre hits you with a +0 giant club!!
You die...

#.## ## #.# #.
#######'## #.
#........### #.
#.......>'.#########.
#........#........##.
#........########....
#...O....# ####.
#...@....# #.
####'##### #. #.#* #.
#..* #####.
*###.###### #.....
*.........# #.....
*.........# #.....
*.........# ###.....
*.........###.......


You could see a two-headed ogre.

Vanquished Creatures
  3 orc knights (Bailey)
  A manticore (D:12)
  A cyclops (D:13)
  A hornet (D:9)
  4 yaks (D:12)
  Sigmund (D:2)
  4 vampire mosquitoes (D:13)
  Duvessa (D:7)
  5 orc warriors
  3 phantoms
  7 ice beasts
  A sky beast (D:10)
  3 black bears
  A necrophage (D:7)
  2 eyes of draining
  6 centaurs
  3 ogres
  Blork the orc (D:5)
  2 big kobolds
  4 bullfrogs
  Dowan (D:7)
  A wyvern zombie (D:10)
  A scorpion (D:9)
  A water moccasin skeleton (D:9)
  6 killer bees (D:10)
  5 wights (D:6)
  3 howler monkeys
  2 jellies
  A centaur zombie (D:7)
  A quasit (D:7)
  5 hounds
  Crazy Yiuf (D:4)
  A bullfrog skeleton (D:12)
  2 centaur skeletons
  8 orc priests
  9 orc wizards
  5 iguanas
  2 worker ants
  5 gnolls (Bailey)
  11 adders
  2 shadow imps
  An ooze (D:6)
  3 worms
  5 dart slugs
  2 leopard geckos (D:1)
  39 orcs
  3 bats
  5 giant cockroaches
  12 goblins
  10 hobgoblins
  2 jackals
  3 quokkas
  2 frilled lizards
  A giant cockroach zombie (D:6)
  24 kobolds
  A leopard gecko skeleton (D:7)
  A quokka zombie (D:5)
  4 rats
245 creatures vanquished.

Notes
Turn   | Place    | Note
-------+----------+-------------------------------------------
     0 | D:5      | ragingrage the Gargoyle Delver began the quest for the Orb.
     0 | D:5      | Reached XP level 1. HP: 14/14 MP: 1/1
     1 | D:6      | Noticed an ice beast
     9 | D:5      | Noticed an orc priest
    13 | D:5      | Noticed an iguana
    23 | D:4      | Killed an orc priest
    24 | D:4      | Reached skill level 3 in Maces & Flails
    24 | D:4      | Reached XP level 2. HP: 10/19 MP: 2/2
    24 | D:4      | Reached XP level 3. HP: 13/23 MP: 3/3
    24 | D:4      | Found a snail-covered altar of Cheibriados.
   174 | D:4      | Noticed a phantom
   394 | D:5      | Reached skill level 4 in Maces & Flails
   470 | D:5      | Noticed Blork the orc
   591 | D:6      | Found a broken altar of Ashenzari.
   629 | D:6      | Noticed a bullfrog
   644 | D:6      | Killed a bullfrog
   645 | D:6      | Reached skill level 5 in Maces & Flails
   645 | D:6      | Reached XP level 4. HP: 23/28 MP: 4/4
   645 | D:6      | Reached XP level 5. HP: 27/32 MP: 5/5
   720 | D:5      | Found Ruaph's Magic Scroll Shop.
   728 | D:5      | Bought a scroll of teleportation for 36 gold pieces
   738 | D:4      | Noticed a phantom
  1590 | D:1      | You fall into a shaft and drop 1 floor!
  1599 | D:2      | Reached skill level 6 in Maces & Flails
  1677 | D:2      | Reached XP level 6. HP: 37/37 MP: 6/6
  1709 | D:2      | Noticed Sigmund
  1722 | D:2      | Killed Sigmund
  1723 | D:2      | Reached skill level 7 in Maces & Flails
  2708 | D:2      | Found a sparkling altar of Nemelex Xobeh.
  2954 | D:2      | Reached XP level 7. HP: 41/41 MP: 7/7
  3442 | D:4      | Reached skill level 8 in Maces & Flails
  3457 | D:3      | Found an iron altar of Okawaru.
  3465 | D:3      | Became a worshipper of Warmaster Okawaru
  3677 | D:4      | Found a runed translucent door.
  3678 | D:4      | Noticed Crazy Yiuf
  3811 | D:4      | Killed Crazy Yiuf
  3812 | D:4      | Reached skill level 9 in Maces & Flails
  3812 | D:4      | Reached XP level 8. HP: 46/46 MP: 8/8
  3923 | D:4      | Found a blossoming altar of Fedhas.
  4224 | D:5      | Killed Blork the orc
  4300 | D:5      | Found a sacrificial altar of Ru.
  4322 | D:5      | Reached * piety under Okawaru
  4489 | D:6      | Reached skill level 10 in Maces & Flails
  4661 | D:6      | Reached skill level 11 in Maces & Flails
  4735 | D:6      | Reached XP level 9. HP: 39/51 MP: 9/9
  4953 | D:6      | Found a radiant altar of Vehumet.
  4955 | D:6      | Found a shimmering blue altar of Sif Muna.
  4964 | D:6      | Identified the Collected Works on Orientation
  5171 | D:6      | Reached ** piety under Okawaru
  5389 | D:7      | Found a shadowy altar of Dithmenos.
  5432 | D:7      | Noticed Duvessa
  5433 | D:7      | Noticed Dowan
  5445 | D:7      | Killed Duvessa
  5469 | D:7      | Killed Dowan
  5489 | D:7      | Identified the +0 pair of boots of the Sacrificial Victim
                  | {Int+4} (You found it on level 7 of the Dungeon)
  5529 | D:7      | Reached skill level 5 in Fighting
  5552 | D:7      | Found Gur Ruup's Armour Shop.
  5563 | D:7      | Found a staircase to the Ecumenical Temple.
  5662 | D:7      | Reached skill level 12 in Maces & Flails
  5840 | D:7      | Got a pair of crude boots
  5851 | D:7      | Identified the cursed +0 pair of boots of Valour {-Tele
                  | rN+++ Int-3 Stlth+} (You found it on level 7 of the
                  | Dungeon)
  6106 | D:8      | Found a shimmering altar of Xom.
  6139 | D:8      | Found Foaz Nit's Antique Armour Shoppe.
  6154 | D:8      | Reached *** piety under Okawaru
  6156 | D:8      | Bought a pair of embroidered boots for 195 gold pieces
  6156 | D:8      | Bought a heavily runed scale mail for 234 gold pieces
  6166 | D:8      | Identified the +1 scale mail of the Sun {Harm rElec Int-4
                  | Dex+5} (You bought it in a shop on level 8 of the Dungeon)
  6781 | D:9      | Reached XP level 10. HP: 55/60 MP: 1/10
  6978 | D:10     | Entered Level 10 of the Dungeon
  7091 | D:9      | Reached skill level 13 in Maces & Flails
  7150 | D:9      | Found Earches's Eclectic Emporium.
  7261 | D:9      | Reached **** piety under Okawaru
  8098 | D:10     | You fall into a shaft and drop 2 floors!
  8164 | D:12     | Noticed a manticore
  8186 | D:12     | Killed a manticore
  8279 | D:12     | Reached skill level 14 in Maces & Flails
  8287 | D:12     | Reached ***** piety under Okawaru
  8296 | D:12     | Reached XP level 11. HP: 21/69 MP: 11/11
  8379 | D:12     | Noticed a cyclops
  8524 | D:13     | Found a flagged portal.
  8536 | Bailey   | Entered a bailey
  8547 | Bailey   | Noticed an orc knight
  8600 | Bailey   | Noticed an orc knight
  8619 | Bailey   | Noticed an orc knight
  8712 | Bailey   | HP: 3/69 [orc knight/+0 war axe (6)]
  8737 | Bailey   | Killed an orc knight
  8922 | Bailey   | Killed an orc knight
  8947 | Bailey   | Killed an orc knight
  9656 | D:13     | Noticed a cyclops
  9659 | D:13     | Noticed a two-headed ogre
  9667 | D:13     | Killed a cyclops
  9667 | D:13     | Received a gift from Okawaru
  9689 | D:13     | Slain by a two-headed ogre

Illustrated notes

Levels and vault maps discovered:
D:1:      minmay_arrival_three_doors, layout_basic, minmay_nonomino_d4
D:2:      layout_loops_ring, marbit_many_paths, uniq_sigmund
D:3:      layout_basic, nicolae_overflow_hidden_temple,
          kennysheep_generic_room_14
D:4:      layout_gridville, fedhas_altar_1, lemuel_altar_in_water,
          uniq_crazy_yiuf_cottage
D:5:      layout_rooms, serial_shops, shop, nicolae_ru_awakened_eye, uniq_pikel,
          uniq_blork_the_orc
D:6:      layout_cave_pods, cheibrodos_ashenzari_chains,
          grunt_temple_overflow_open
D:7:      layout_gridville, kennysheep_mini,
          minmay_temple_entry_statues_fountains, serial_shops, shop_fountains,
          uniq_duvessa
D:8:      layout_cave_pools, serial_shops, shop, basic_altar,
          hangedman_abyss_or_decor_passed, kennysheep_dice
D:9:      layout_cave_pools, nicolae_alphabet_shops, glass_columns_c
D:10:     layout_basic, uniq_psyche
D:12:     layout_basic, kennysheep_small_square
D:13:     layout_roguey, enter_bailey_6

Skill      XL: |  1  2  3  4  5  6  7  8  9 10 11 |
---------------+----------------------------------+-----
Maces & Flails | 3 5 6 7 9 11 12 14 | 14.9
Fighting       | 6 8 9 |  9.4
Dodging        | |  1.5
Stealth        | |  5.4

Action                   |  1- 3 |  4- 6 |  7- 9 | 10-12 || total
-------------------------+-------+-------+-------+-------++-------
Melee: Mace              |    64 |   212 |    34 |       ||   310
       Hand axe          |       |       |   378 |   388 ||   766
       Punch             |       |       |       |     1 ||     1
Throw: Dart              |     2 |    13 |     7 |    28 ||    50
Invok: Heroism           |       |       |       |     3 ||     3
  Use: Scroll            |       |     3 |     8 |     5 ||    16
       Potion            |       |       |       |     2 ||     2
Armor: Leather armour    |     2 |       |       |       ||     2
       Chain mail        |    39 |   148 |   324 |   391 ||   902
       Scale mail        |       |       |       |    22 ||    22
Dodge: Dodged            |    40 |    80 |   132 |   251 ||   503
